 Dungeon Crawl Stone Soup version 0.21-a0-358-g8928369 (webtiles) character file.

12343 Dfrag the Destroyer (level 11, -1/74 HPs)
             Began as a Demonspawn Fire Elementalist on Oct 13, 2017.
             Was a Believer of Vehumet.
             Slain by Snorg (12 damage)
             ... on level 10 of the Dungeon.
             The game lasted 00:20:00 (10949 turns).

Dfrag the Destroyer (Demonspawn Fire Elementalist) Turns: 10949, Time: 00:20:00

Health: -1/74      AC:  9    Str:  9    XL:     11   Next: 61%
Magic:  0/34       EV: 12    Int: 20    God:    Vehumet [**....]
Gold:   584        SH:  4    Dex: 13    Spells: 17/30 levels left

rFire    + + .     SeeInvis .   s - +0 short sword (venom)
rCold    . . .     Gourm    .   (no shield)
rNeg     . . .     Faith    .   a - +0 robe
rPois    .         Spirit   +   (helmet restricted)
rElec    .         Reflect  +   p - +2 cloak
rCorr    .         Harm     .   (no gloves)
MR       .....                  v - +0 pair of boots
Stlth    ++........             K - +4 amulet of reflection
HPRegen  0.22/turn              C - ring of magical power
MPRegen  0.24/turn              E - ring of fire

@: about to teleport, very slightly contaminated
A: antennae 2, claws 1, thin metallic scales 2, cold resistance 1, fire
resistance 1, robust 1, magic shield
a: Renounce Religion


You were on level 10 of the Dungeon.
You worshipped Vehumet.
Vehumet was pleased with you.
You were hungry.

You visited 2 branches of the dungeon, and saw 11 of its levels.

You collected 584 gold pieces.

Inventory:

Hand Weapons
 m - a +2 whip of flaming
 s - a +0 short sword of venom (weapon)
Armour
 a - a +0 robe (worn)
 p - a +2 cloak (worn)
 t - a scarf of cloud immunity
 v - a +0 pair of boots (worn)
Magical Staves
 u - an uncursed staff of summoning
Jewellery
 C - a ring of magical power (left claw)
 E - a ring of fire (right claw)
 K - a +4 amulet of reflection (around neck)
 O - an uncursed ring of protection from cold
Wands
 q - a wand of paralysis (6/24)
 r - a wand of random effects (22/48)
 w - a wand of clouds (9/9)
 D - a wand of acid (4/15)
 P - a wand of iceblast (7/15)
 S - a wand of lightning (7/15)
 T - a wand of paralysis (10/24)
 U - a wand of flame (24/48)
Scrolls
 d - 3 scrolls of identify
 e - 3 scrolls of magic mapping
 g - 7 scrolls of teleportation
 h - a scroll of random uselessness {unknown}
 i - 4 scrolls of fear
 k - 6 scrolls of recharging
 n - a scroll of immolation {unknown}
 y - 2 scrolls of fog {unknown}
 A - 6 scrolls of remove curse
 B - 4 scrolls of enchant weapon {unknown}
 H - 3 scrolls of enchant armour {unknown}
 M - a scroll of vulnerability {unknown}
 Q - a scroll of blinking {unknown}
Potions
 j - a potion of cancellation {unknown}
 l - a potion of lignification {unknown}
 x - a potion of flight
 z - 2 potions of haste
 F - 2 potions of mutation
 I - a potion of resistance {unknown}
 J - 5 potions of curing
 L - a potion of brilliance {unknown}
 N - a potion of agility
Books
 b - a book of Flames

   Spells                             Type                      Level
   a - Flame Tongue                   Conjuration/Fire             1
   b - Throw Flame                    Conjuration/Fire             2
   c - Conjure Flame                  Conjuration/Fire             3
   d - Inner Flame                    Hexes/Fire                   3
   e - Sticky Flame                   Conjuration/Fire             4
   f - Fireball                       Conjuration/Fire             5
 R - a book of Geomancy

   Spells                             Type                      Level
   a - Sandblast                      Earth                        1
   b - Passwall                       Transmutation/Earth          2
   c - Stone Arrow                    Conjuration/Earth            3
   d - Petrify                        Transmutation/Earth          4
   e - Lee's Rapid Deconstruction     Earth                        5
Comestibles
 c - 9 bread rations
 f - 6 meat rations
 o - 9 royal jellies


   Skills:
 - Level 1.7 Dodging
 - Level 1.7 Stealth
 + Level 10.1 Spellcasting
 + Level 10.8 Conjurations
 + Level 10.3 Fire Magic


You had 17 spell levels left.
You knew the following spells:

 Your Spells              Type           Power        Failure   Level  Hunger
a - Flame Tongue          Conj/Fire      #####        1%          1    None
b - Conjure Flame         Conj/Fire      ######..     1%          3    None
c - Sticky Flame          Conj/Fire      ######..     1%          4    ##.....
d - Fireball              Conj/Fire      ######....   2%          5    ####...


Dungeon Overview and Level Annotations

Branches:
Dungeon (10/15)            Temple (1/1) D:6             Orc (0/2) D:9
   Lair: D:8-11

Altars:
Ashenzari
Cheibriados
Dithmenos
Elyvilon
Fedhas
Gozag
Hepliaklqana
Kikubaaqudgha
Makhleb
Okawaru
Qazlal
Ru
Sif Muna
Trog
Uskayaw
Vehumet
Wu Jian
Xom
Yredelemnul
Zin
The Shining One

Annotations:
D:10 Snorg


Innate Abilities, Weirdness & Mutations

You have a pair of antennae on your head.
You are mostly covered in thin metallic scales. (AC +3)
Your flesh is heat resistant. (rF+)
When hurt, damage is shared between your health and your magic reserves.
You have sharp fingernails.
Your flesh is cold resistant. (rC+)
You are robust. (+10% HP)


Message History

Confirm with . or Enter, or press ? or * to list all spells.
Aiming: Fireball
Press: ? - help, Shift-Dir - straight line, f/p - Snorg
Aim: Snorg (heavily wounded, berserk, fast, unusually strong)
Okay, then.
Casting: Fireball
Confirm with . or Enter, or press ? or * to list all spells.
Aiming: Sticky Flame
Press: ? - help, Shift-Dir - straight line, f/p - Snorg
Aim: Snorg (heavily wounded, berserk, fast, unusually strong)
You feel a surge of power!
The sticky flame hits Snorg.
Snorg is heavily wounded.
Snorg is covered in liquid flames!
Snorg burns!
Snorg bites you!! Snorg claws you. You block Snorg's attack.
Unknown command.
You hear a shout!
Snorg bites you but does no damage. Snorg claws you!!
* * * LOW HITPOINT WARNING * * *
Snorg claws you!
You die...

#†.###..# #..# #..##...##
#..##...######.# ##.###....##
####..........#..# #..###.....##
................## ##..##...#...#
#.........(.....## #.........#...
#................###..........#..
#...##............#......##......
...###..#########T.....#####.....
..####...# #@.#....####......
.....)...## ##..##............#
..........#####..####....###....#
.(...............# #...#####..##
.##.........>...## #..........#
.###.............####..........##
## #.....#######..#.....###.....#
# ##....# ##.(..#..## #####.# #
#...## #..#..##.# #..


You could see Snorg (berserk).

Vanquished Creatures
  Harold (D:10)
  6 two-headed ogres
  The ghost of Fhqwhgads the Thaumaturge, a novice GnWz of Cheibriados (D:8)
  Sonja (D:10)
  Maurice (D:8)
  A gargoyle (D:10)
  A troll (D:9)
  A hornet (D:8)
  2 hippogriffs
  A wyvern (D:8)
  2 hungry ghosts
  Grum (D:9)
  2 orc warriors
  3 ice beasts
  A black bear (D:9)
  A hornet zombie (D:9)
  6 ogres
  3 wolves (D:9)
  2 centaurs
  A big kobold (D:9)
  6 bullfrogs
  2 scorpions
  14 killer bees
  5 howler monkeys
  13 wights
  2 crimson imps
  2 bullfrog skeletons
  5 hounds
  A centaur skeleton (D:6)
  6 jellies
  2 orc priests
  5 orc wizards
  Ijyb (D:3)
  An iguana (D:7)
  8 worker ants
  2 worker ant zombies
  A howler monkey zombie (D:10)
  11 adders
  3 shadow imps
  6 oozes
  An adder skeleton (D:5)
  3 adder zombies
  A worm (D:3)
  4 dart slugs
  3 leopard geckos
  30 orcs
  A ball python (D:1)
  5 giant cockroaches
  2 goblins (D:2)
  3 hobgoblins
  2 jackals (D:7)
  4 quokkas
  7 bats
  4 frilled lizards
  A jackal zombie (D:8)
  8 kobolds
  2 quokka skeletons
  A quokka zombie (D:5)
  3 rats
219 creatures vanquished.

Vanquished Creatures (others)
  An orc warrior (D:10)
  An orc priest (D:4)
  An orc (D:10)
3 creatures vanquished.

Grand Total: 222 creatures vanquished

Notes
Turn   | Place    | Note
-------+----------+-------------------------------------------
     0 | D:1      | Dfrag the Demonspawn Fire Elementalist began the quest for the Orb.
     0 | D:1      | Reached XP level 1. HP: 13/13 MP: 3/3
   268 | D:1      | Gained mutation: You have a pair of small antennae on your head. [demonic ancestry]
   268 | D:1      | Reached XP level 2. HP: 19/19 MP: 0/5
   961 | D:2      | Reached XP level 3. HP: 23/24 MP: 1/6
  1378 | D:2      | Reached XP level 4. HP: 24/30 MP: 3/8
  2104 | D:3      | Noticed Ijyb
  2122 | D:3      | Killed Ijyb
  2615 | D:4      | Gained mutation: You are partially covered in thin metallic scales. (AC +2) [demonic ancestry]
  2615 | D:4      | Reached XP level 5. HP: 10/35 MP: 1/9
  2652 | D:4      | Learned a level 3 spell: Conjure Flame
  2657 | D:4      | Learned a level 4 spell: Sticky Flame
  2748 | D:4      | Found an ornate altar of the Wu Jian Council.
  2767 | D:4      | HP: 1/35 [orc wizard/magic dart (5)]
  3143 | D:4      | Found an ancient bone altar of Kikubaaqudgha.
  3146 | D:4      | Found a bloodstained altar of Trog.
  3153 | D:4      | Gained mutation: When hurt, damage is shared between your health and your magic reserves. [demonic ancestry]
  3153 | D:4      | Reached XP level 6. HP: 34/41 MP: 6/11
  3540 | D:4      | Found a blossoming altar of Fedhas.
  3762 | D:5      | Entered Level 5 of the Dungeon
  3974 | D:5      | Noticed an ice beast
  3986 | D:5      | Killed an ice beast
  4066 | D:5      | Reached XP level 7. HP: 33/46 MP: 13/13
  4703 | D:6      | Reached skill level 5 in Fire Magic
  4774 | D:6      | Found a snail-covered altar of Cheibriados.
  4892 | D:6      | Reached skill level 5 in Conjurations
  4910 | D:6      | Reached skill level 5 in Spellcasting
  5057 | D:6      | Found a staircase to the Ecumenical Temple.
  5064 | Temple   | Entered the Ecumenical Temple
  5085 | Temple   | Became a worshipper of Vehumet
  5241 | D:6      | Gained mutation: You have a pair of antennae on your head. [demonic ancestry]
  5241 | D:6      | Reached XP level 8. HP: 45/52 MP: 12/16
  5900 | D:7      | Found a deep blue altar of Sif Muna.
  6159 | D:7      | Found an iron altar of Okawaru.
  6162 | D:7      | Noticed a hippogriff
  6175 | D:7      | Killed a hippogriff
  6175 | D:7      | Gained mutation: You are mostly covered in thin metallic scales. (AC +3) [demonic ancestry]
  6175 | D:7      | Reached XP level 9. HP: 44/57 MP: 4/18
  6429 | D:8      | Noticed Fhqwhgads's ghost (novice GnWz)
  6502 | D:7      | Learned a level 5 spell: Fireball
  6878 | D:8      | Found a burning altar of Makhleb.
  6929 | D:8      | Found a hazy altar of Hepliaklqana.
  6965 | D:8      | Noticed Maurice
  7215 | D:8      | Killed Maurice
  7331 | D:8      | Reached * piety under Vehumet
  7331 | D:8      | Offered knowledge of Magic Dart by Vehumet.
  7539 | D:9      | Noticed a two-headed ogre
  7549 | D:9      | Killed a two-headed ogre
  7590 | D:9      | Found a staircase to the Orcish Mines.
  7601 | D:9      | Gained mutation: Your flesh is heat resistant. (rF+) [demonic ancestry]
  7601 | D:9      | Reached XP level 10. HP: 63/63 MP: 0/21
  8018 | D:8      | Noticed a two-headed ogre
  8104 | D:8      | Killed a two-headed ogre
  8134 | D:8      | Found a glowing silver altar of Zin.
  8134 | D:8      | Noticed an angel
  8312 | D:8      | Killed Fhqwhgads's ghost
  8611 | D:9      | Found a hide-covered altar of Uskayaw.
  8780 | D:9      | Gained mutation: You have sharp toenails. [potion of mutation]
  8780 | D:9      | Gained mutation: You have sharp fingernails. [potion of mutation]
  8780 | D:9      | Gained mutation: You have a beak for a mouth. [potion of mutation]
  8781 | D:9      | Lost mutation: You have sharp toenails. [potion of mutation]
  8781 | D:9      | Lost mutation: You have a beak for a mouth. [potion of mutation]
  8781 | D:9      | Gained mutation: You are robust. (+10% HP) [potion of mutation]
  8781 | D:9      | Lost mutation: You are robust. (+10% HP) [potion of mutation]
  8781 | D:9      | Gained mutation: Your flesh is cold resistant. (rC+) [potion of mutation]
  8781 | D:9      | Gained mutation: You are robust. (+10% HP) [potion of mutation]
  8874 | D:9      | Noticed a two-headed ogre
  8875 | D:9      | Noticed a two-headed ogre
  8878 | D:9      | Killed a two-headed ogre
  8878 | D:9      | Killed a two-headed ogre
  8881 | D:9      | Noticed a two-headed ogre
  8907 | D:9      | Killed a two-headed ogre
  8907 | D:9      | Reached XP level 11. HP: 32/74 MP: 3/24
  9267 | D:9      | Reached ** piety under Vehumet
  9267 | D:9      | Offered knowledge of Sting by Vehumet.
  9331 | D:9      | Reached skill level 10 in Conjurations
  9332 | D:9      | Noticed Grum
  9577 | D:9      | Killed Grum
  9841 | D:10     | Entered Level 10 of the Dungeon
  9950 | D:10     | Noticed Sonja
 10021 | D:10     | Noticed Harold
 10027 | D:10     | Killed Sonja
 10034 | D:10     | Noticed a two-headed ogre
 10046 | D:9      | Killed a two-headed ogre
 10147 | D:10     | Killed Harold
 10147 | D:10     | Reached skill level 10 in Fire Magic
 10209 | D:10     | Reached skill level 10 in Spellcasting
 10231 | D:10     | Noticed Snorg
 10949 | D:10     | Slain by Snorg

Vault maps used:
D:1:      dpeg_arrival_fog
D:2:      supply_closet_lemuel
D:3:      uniq_ijyb
D:4:      grunt_temple_overflow_cloverleaf, first_bread
D:6:      kennysheep_slug_shrine, minmay_temple_entry_statues
D:7:      nicolae_overflow_crystal_walls, basic_altar
D:8:      zin_angel, kennysheep_mini_moat, makhleb_heckhound_becter,
          hangedman_little_slice_of_home, uniq_maurice
D:9:      eat_drink_and_be_merry_uskayaw, david_orc_2, uniq_grum
D:10:     uniq_harold, uniq_sonja, uniq_snorg
Temple:   minmay_temple_bridge_abc

Skill      XL: |  1  2  3  4  5  6  7  8  9 10 11 |
---------------+----------------------------------+-----
Fire Magic     | 3 4 5 6 8 9 10 | 10.3
Conjurations   | 2 3 4 5 6 8 9 10 | 10.8
Spellcasting   | 3 4 5 6 7 9 10 | 10.1
Dodging        | |  1.7
Stealth        | |  1.7

Action                   |  1- 3 |  4- 6 |  7- 9 | 10-12 || total
-------------------------+-------+-------+-------+-------++-------
Melee: Unarmed           |    17 |       |       |       ||    17
       Whip              |    19 |    56 |       |       ||    75
       Short sword       |       |    48 |   112 |    95 ||   255
 Cast: Flame Tongue      |    49 |    84 |    49 |     9 ||   191
       Sticky Flame      |       |     8 |    48 |    37 ||    93
       Fireball          |       |       |     8 |    55 ||    63
       Conjure Flame     |       |       |       |     2 ||     2
  Use: Potion            |       |     2 |       |     4 ||     6
       Scroll            |       |     5 |       |     4 ||     9
 Stab: Sleeping          |     1 |     2 |       |       ||     3
  Eat: Chunk             |     2 |    10 |    18 |    11 ||    41
       Royal jelly       |       |       |     1 |     1 ||     2
       Meat ration       |       |       |       |     1 ||     1
       Fruit             |       |       |       |     9 ||     9
Armor: Robe              |    16 |    32 |    51 |    49 ||   148
Dodge: Dodged            |    53 |    79 |   107 |    95 ||   334
Block: Other             |       |     7 |    38 |    28 ||    73
       Reflection        |       |       |     4 |     1 ||     5

Table legend:
 A = Spawn XP
 B = Non-spawn XP
 C = Spawn XP percentage of total XP
 D = Spawn monster count
 E = Non-spawn monster count
 F = Spawn count percentage of total count
 G = Total turns spent on level
                    A         B        C        D         E        F      G
               +---------+---------+-------+---------+---------+-------+---------
         Total |       0 |   17634 |   0.0 |       0 |     220 |   0.0 | 10949
               +---------+---------+-------+---------+---------+-------+---------
           D:1 |       0 |      16 |   0.0 |       0 |      11 |   0.0 |   848
           D:2 |       0 |      98 |   0.0 |       0 |      21 |   0.0 |   991
           D:3 |       0 |      68 |   0.0 |       0 |      11 |   0.0 |   856
           D:4 |       0 |     316 |   0.0 |       0 |      23 |   0.0 |  1067
           D:5 |       0 |     371 |   0.0 |       0 |      16 |   0.0 |   914
           D:6 |       0 |     946 |   0.0 |       0 |      17 |   0.0 |   987
           D:7 |       0 |    1000 |   0.0 |       0 |      19 |   0.0 |  1107
           D:8 |       0 |    3603 |   0.0 |       0 |      25 |   0.0 |  1513
           D:9 |       0 |    7241 |   0.0 |       0 |      48 |   0.0 |  1737
          D:10 |       0 |    3975 |   0.0 |       0 |      29 |   0.0 |   887
               +---------+---------+-------+---------+---------+-------+---------
